 Dungeon Crawl Stone Soup version 0.27.0-1-g7a089689b8 (webtiles) character file.

Game seed: 3231356838174790100

3960 Spaninq the Spear-Bearer (level 10, -4/72 HPs)
             Began as a Merfolk Chaos Knight on Aug 10, 2021.
             Was a Plaything of Xom.
             Killed from afar by a gargoyle (21 damage)
             ... with a stone arrow
             ... on level 8 of the Dungeon.
             The game lasted 00:34:37 (11395 turns).

Spaninq the Spear-Bearer (Merfolk Chaos Knight)    Turns: 11395, Time: 00:34:37

Health: -4/72      AC: 15    Str: 13    XL:     10   Next: 22%
Magic:  10/10      EV: 11    Int: 10    God:    Xom [.*....]
Gold:   1350       SH:  0    Dex: 12    Spells: 9/9 levels left

rFire    . . .     SeeInvis +   g - +5 trident (vorpal)
rCold    . . .     Faith    .   (no shield)
rNeg     . . .     Spirit   .   b - +3 scale mail
rPois    +         Reflect  .   C - +1 helmet {SInv}
rElec    .         Harm     .   c - +0 cloak {rPois}
rCorr    .         Rampage  .   k - +0 pair of gloves
Will     .....                  y - +0 pair of boots
Stlth    ..........             (no amulet)
HPRegen  0.22/turn              A - ring of poison resistance
MPRegen  0.12/turn              (no ring)

@: no status effects
A: (nimble swimmer 2), mertail, clumsy 1, dopey 1, frail 1, weak 1
a: Renounce Religion


You were on level 8 of the Dungeon.
You worshipped Xom.
You were a plaything of Xom.
You visited 2 branches of the dungeon, and saw 9 of its levels.

You collected 1746 gold pieces.
You spent 396 gold pieces at shops.

Inventory:

Hand Weapons
 g - a +5 vorpal trident (weapon)
 p - a +2 vampiric halberd
 u - a +0 glaive
 v - the +8 storm bow {elec, penet}
   (You found it on level 7 of the Dungeon)

   Any ammunition fired from it occasionally discharges a powerful burst of
   electricity upon striking a foe.
   Any ammunition fired by it passes through the targets it hits, potentially
   hitting all targets in its path until it reaches maximum range.
Missiles
 w - 103 arrows
Armour
 b - a +3 scale mail (worn)
 c - a +0 cloak of poison resistance (worn)
 k - a +0 pair of gloves (worn)
 m - a +2 hat of stealth
 t - a +0 kite shield
 y - a +0 pair of boots (worn)
 B - the +4 scale mail "Xiajuady" {Harm *Slow rPois}
   (You bought it in a shop on level 8 of the Dungeon)

   rPois:     It protects you from poison.
   *Slow:     It may slow you when you take damage.
   Harm:      It increases damage dealt and taken.
 C - a +1 helmet of see invisible (worn)
Jewellery
 A - a ring of poison resistance (left hand)
Wands
 i - a wand of paralysis (9)
 l - a wand of iceblast (4)
Scrolls
 a - a scroll of holy word
 f - 2 scrolls of teleportation
 r - 3 scrolls of enchant weapon
Potions
 d - a potion of curing
 e - a potion of berserk rage {unknown}
 j - 2 potions of brilliance {unknown}
 n - a potion of cancellation {unknown}
 o - a potion of attraction {unknown}
 q - a potion of degeneration {unknown}
 s - a potion of mutation {unknown}
 x - a potion of magic {unknown}
 z - a potion of flight {unknown}


   Skills:
 + Level 8.1 Fighting
 + Level 13.6 Polearms
 * Level 2.0 Bows
 + Level 4.3 Armour
 + Level 7.9 Dodging


You had 9 spell levels left.
You didn't know any spells.
Your spell library contained the following spells:

 Spells                   Type           Power      Damage    Failure   Level
 Sandblast                Erth           0%         2d4       85%         1
 Summon Small Mammal      Summ           0%         N/A       85%         1
 Ensorcelled Hibernation  Hex/Ice        0%         N/A       94%         2
 Passwall                 Tmut/Erth      0%         N/A       94%         2
 Static Discharge         Conj/Air       0%         N/A       94%         2
 Call Canine Familiar     Summ           0%         N/A       99%         3
 Frozen Ramparts          Ice            0%         1d2       99%         3
 Spider Form              Tmut/Pois      0%         N/A       99%         3
 Summon Guardian Golem    Hex/Summ       0%         N/A       99%         3
 Dispel Undead            Necr           0%         3d6       100%        4
 Ice Form                 Ice/Tmut       0%         N/A       100%        4
 Sticky Flame             Conj/Fire      0%         2d3       100%        4
 Summon Ice Beast         Ice/Summ       0%         N/A       100%        4
 Lee's Rapid Deconstruct  Erth           0%         3d5*      100%        5
 Shadow Creatures         Summ           N/A        N/A       100%        6


Dungeon Overview and Level Annotations

Branches:
Dungeon (8/15)             Temple (1/1) D:5
   Lair: D:8-11

Altars:
Ashenzari
Elyvilon
Kikubaaqudgha
Makhleb
Okawaru
Ru
Sif Muna
Vehumet
Xom
Yredelemnul
Zin
The Shining One

Shops:
D:8 [


Innate Abilities, Weirdness & Mutations

((You are quick and stealthy near water. (Stealth+, EV+, Speed+++)))
Your lower body shifts to a powerful aquatic tail in water.
You are clumsy. (Dex -2)
You are dopey. (Int -2)
You are frail. (-10% HP)
You are weak. (Str -2)


Message History

You barely miss the gargoyle.
The gargoyle is moderately damaged.
The gargoyle hits you with a +0 mace.
You bump into the rock wall.
The gargoyle barely misses you.
You hit the gargoyle.
The gargoyle is heavily damaged.
Xom's power touches on a nearby monster.
The gargoyle suddenly seems more resistant.
The gargoyle barely misses you.
You hit the gargoyle but do no damage.
The gargoyle is heavily damaged.
You hit the gargoyle.
The gargoyle is severely damaged.
The gargoyle hits you with a +0 mace.
You feel less confused. The gargoyle hits you with a +0 mace.
You hit the gargoyle but do no damage.
The gargoyle is severely damaged.
The gargoyle hurls a stone arrow at you.
The stone arrow hits you!!
You hit the gargoyle but do no damage.
The gargoyle is severely damaged.
You hit the gargoyle but do no damage.
The gargoyle is severely damaged.
The gargoyle hits you with a +0 mace!
* * * LOW HITPOINT WARNING * * *
You closely miss the gargoyle.
The gargoyle is severely damaged.
You hit the gargoyle but do no damage.
The gargoyle is severely damaged.
The gargoyle hits you with a +0 mace.
* * * LOW HITPOINT WARNING * * *
You emit a cloud of colourful smoke!
Okay, then.
Okay, then.
You hit the gargoyle.
The gargoyle is almost destroyed.
The gargoyle hurls a stone arrow at you.
The stone arrow hits you!!
You die...

#.≈.######.....## #..#
_.#.≈.....##..##.# ##.#
.....≈........###.# #.#
####.≈........# #.. #.##
....≈......#.# ##..###..##
≈≈≈≈≈≈......#.# #........
............#.# ####.##..
##..###..§.§#.# ##.......
......###@##.#####..####..
....)...§9..........#.....
....###.............# ##
## #......########
#.....## #.....# #######


You could see a gargoyle (resistant).

Vanquished Creatures
  Grinder (D:6)
  A basilisk (D:6)
  A wyvern (D:6)
  An ice beast (D:7)
  Duvessa (D:5)
  A hornet zombie (D:8)
  2 orc warriors (D:6)
  A black bear (D:7)
  A sky beast (Temple)
  2 phantoms
  2 centaurs
  2 kobold brigands (D:8)
  5 bullfrogs
  A gnoll sergeant (D:6)
  Dowan (D:5)
  A wyvern zombie (D:8)
  3 scorpions (D:5)
  2 wights (D:7)
  6 crimson imps (D:7)
  2 bullfrog zombies (D:5)
  A jelly (D:6)
  2 centaur zombies (D:7)
  3 hounds
  An iron imp (D:8)
  3 centaur skeletons
  3 gnoll shamans
  An orc priest (D:6)
  Crazy Yiuf (D:3)
  A bullfrog skeleton (D:6)
  Ijyb (D:3)
  Terence (D:3)
  3 iguanas
  A scorpion zombie (D:5)
  4 orc wizards
  Natasha (thrice) (D:3)
  A howler monkey zombie (D:8)
  Robin (D:3)
  10 adders
  17 gnolls
  A river rat (D:5)
  2 shadow imps
  A white imp (D:7)
  15 dart slugs
  24 orcs
  9 endoplasms
  5 giant cockroaches
  13 hobgoblins
  9 jackals
  17 kobolds
  4 quokkas
  8 ball pythons
  3 bats
  3 frilled lizards
  9 goblins
  9 rats
227 creatures vanquished.

Vanquished Creatures (collateral kills)
  Sigmund (D:3)
  A crimson imp (D:7)
  An endoplasm (D:3)
3 creatures vanquished.

Vanquished Creatures (others)
  An orc priest (D:7)
  2 orc wizards (D:7)
  A rat (D:3)
  A fungus (D:3)
5 creatures vanquished.

Grand Total: 235 creatures vanquished

Notes
Turn   | Place    | Note
-------+----------+-------------------------------------------
     0 | D:1      | Spaninq the Merfolk Chaos Knight began the quest for the
                  | Orb.
     0 | D:1      | Reached XP level 1. HP: 18/18 MP: 1/1
   106 | D:1      | Reached XP level 2. HP: 24/24 MP: 2/2
   108 | D:1      | Reached skill level 5 in Polearms
   132 | D:1      | XOM: silly message
   456 | D:1      | Reached XP level 3. HP: 24/30 MP: 3/3
   570 | D:1      | XOM: cloud trail
   627 | D:1      | XOM: scenery: summon butterflies
   690 | D:1      | Found a faded altar of an unknown god.
  1341 | D:2      | Reached skill level 6 in Polearms
  1782 | D:2      | XOM: cloud trail
  2056 | D:3      | Reached XP level 4. HP: 33/37 MP: 4/4
  2258 | D:3      | Noticed Ijyb
  2268 | D:3      | Paralysed by Ijyb for 7 turns
  2622 | D:3      | Reached skill level 7 in Polearms
  2676 | D:3      | Reached XP level 5. HP: 40/42 MP: 5/5
  2676 | D:3      | Paralysed by something for 3 turns
  2684 | D:3      | XOM: polymorph hobgoblin -> endoplasm
  2687 | D:3      | Paralysed by something for 4 turns
  2698 | D:3      | Killed Ijyb
  2703 | D:3      | Noticed Robin
  2712 | D:3      | XOM: 3-stop teleportation journey
  2724 | D:3      | XOM: cleaving
  2746 | D:3      | XOM: enchant monster (bad)
  2749 | D:3      | Killed Robin
  2927 | D:3      | Noticed Terence
  2937 | D:3      | XOM: torment (8/43 hp)
  2949 | D:3      | Killed Terence
  2950 | D:3      | Reached skill level 8 in Polearms
  3152 | D:3      | Noticed Sigmund
  3152 | D:3      | XOM: summons 3 hostile demons
  3153 | D:3      | Noticed a chaos spawn
  3153 | D:3      | Noticed a sun demon
  3407 | D:3      | XOM: cast spell 'Summon Hydra'
  3411 | D:3      | Killed Sigmund
  3412 | D:3      | Reached skill level 5 in Fighting
  3412 | D:3      | Reached XP level 6. HP: 46/51 MP: 6/6
  3529 | D:3      | Found a glowing golden altar of the Shining One.
  3539 | D:3      | Found a basalt altar of Yredelemnul.
  3539 | D:3      | Noticed Natasha
  3542 | D:3      | Killed Natasha
  3557 | D:3      | Noticed a profane servitor
  3653 | D:3      | Found a runed translucent door.
  3654 | D:3      | Noticed Crazy Yiuf
  3664 | D:3      | Killed Crazy Yiuf
  3666 | D:3      | XOM: scenery: summon butterflies
  3672 | D:3      | XOM: god gift: ring mail {god gift}
  3684 | D:3      | XOM: give mutations
  3684 | D:3      | Gained mutation: You are frail. (-10% HP) [Xom's mischief]
  3684 | D:3      | Gained mutation: You are clumsy. (Dex -2) [Xom's mischief]
  3725 | D:3      | XOM: scenery: summon butterflies
  3954 | D:3      | XOM: god gift: long sword {god gift}
  3967 | D:3      | XOM: 2-stop teleportation journey
  4126 | D:3      | Noticed an angel
  4191 | D:3      | Noticed Natasha
  4207 | D:3      | Killed Natasha
  4208 | D:3      | Reached skill level 9 in Polearms
  4484 | D:3      | XOM: cloud trail
  4612 | D:3      | XOM: god gift: 1000 gold pieces
  4630 | D:3      | Found a basalt altar of Yredelemnul.
  4651 | D:3      | Noticed Natasha
  4661 | D:3      | Killed Natasha
  4662 | D:3      | Reached skill level 1 in Armour
  4719 | D:3      | XOM: scenery: create altars
  4994 | D:4      | Found a broken altar of Ashenzari.
  5006 | D:4      | XOM: snakes to sticks
  5054 | D:4      | Reached XP level 7. HP: 50/50 MP: 7/7
  5100 | D:4      | XOM: god gift: +2 hat of stealth
  5175 | D:4      | XOM: give mutation
  5175 | D:4      | Gained mutation: You have a pair of small antennae on your
                  | head. [Xom's grace]
  5357 | D:4      | XOM: fog
  5370 | D:4      | XOM: silly message
  5515 | D:4      | XOM: divination: detect creatures
  5941 | D:4      | XOM: silly message
  6079 | D:5      | Entered Level 5 of the Dungeon
  6113 | D:5      | Found an iron altar of Okawaru.
  6141 | D:5      | Found a staircase to the Ecumenical Temple.
  6141 | D:5      | XOM: summons 4 hostile demons
  6142 | D:5      | Noticed a sixfirhy
  6148 | D:5      | HP: 1/50 [sixfirhy[Xom] (9)]
  6150 | Temple   | Entered the Ecumenical Temple
  6158 | Temple   | XOM: potion effect (haste)
  6161 | Temple   | XOM: noise
  6163 | Temple   | XOM: cast spell 'Call Canine Familiar'
  6173 | Temple   | XOM: potion effect (haste)
  6210 | Temple   | XOM: divination: magic mapping
  6537 | D:5      | Reached skill level 10 in Polearms
  6567 | D:5      | XOM: cloud trail
  6602 | D:5      | Found a glowing silver altar of Zin.
  6623 | D:5      | XOM: potion effect (might)
  6633 | D:5      | Reached XP level 8. HP: 54/57 MP: 8/8
  6995 | D:5      | XOM: divination: detect creatures
  6998 | D:5      | Reached skill level 5 in Dodging
  7098 | D:5      | XOM: stat loss: -1 Str (13/14)
  7247 | D:6      | Noticed Duvessa
  7247 | D:6      | Noticed Dowan
  7261 | D:5      | XOM: summons 2 hostile shadow creatures
  7264 | D:5      | XOM: confuse monster(s)
  7273 | D:5      | Killed Duvessa
  7274 | D:5      | Reached skill level 11 in Polearms
  7277 | D:5      | XOM: potion effect (curing)
  7284 | D:5      | Killed Dowan
  7659 | D:6      | XOM: summons friendly iron imp
  7866 | D:5      | XOM: give mutations
  7866 | D:5      | Lost mutation: You have a pair of small antennae on your
                  | head. [Xom's mischief]
  7866 | D:5      | Gained mutation: You are weak. (Str -2) [Xom's mischief]
  7866 | D:5      | Gained mutation: You are dopey. (Int -2) [Xom's mischief]
  8242 | D:6      | Reached XP level 9. HP: 59/63 MP: 9/9
  8399 | D:6      | XOM is BORED!
  8399 | D:6      | XOM: stat loss: -2 Str (11/13)
  8428 | D:6      | Noticed Grinder
  8452 | D:6      | Paralysed by something for 4 turns
  8469 | D:6      | XOM: smoke on damage
  8475 | D:6      | Killed Grinder
  8476 | D:6      | Reached skill level 12 in Polearms
  8889 | D:6      | HP: 2/64 [something/magic dart (10)]
  9394 | D:6      | XOM: summons 1 hostile demon
  9625 | D:7      | XOM: scenery: summon butterflies
  9634 | D:6      | XOM: divination: detect items
  9637 | D:6      | XOM: fog
  9638 | D:6      | XOM: confuse monster(s)
  9736 | D:6      | XOM: divination: detect items
  9737 | D:6      | XOM: cleaving
  9742 | D:6      | Reached skill level 13 in Polearms
  9760 | D:7      | XOM: cloud trail
  9779 | D:7      | Found a shimmering altar of Xom.
  9787 | D:7      | Found the +8 storm bow {elec, penet}
  9941 | D:4      | XOM: god gift: box of beasts
 10207 | D:7      | XOM: summons 2 friendly demons
 10223 | D:7      | Reached XP level 10. HP: 72/72 MP: 10/10
 10258 | D:7      | Reached skill level 1 in Bows
 10870 | D:8      | Found an ancient bone altar of Kikubaaqudgha.
 10888 | D:8      | Found Sohuy's Antique Armour Emporium.
 10902 | D:8      | Noticed a two-headed ogre
 10989 | D:8      | Bought a fine scale mail for 216 gold pieces
 10989 | D:8      | Identified the +4 scale mail "Xiajuady" {Harm *Slow rPois}
                  | (You bought it in a shop on level 8 of the Dungeon)
 10989 | D:8      | Bought a shiny helmet for 180 gold pieces
 11010 | D:8      | XOM: fog
 11017 | D:8      | XOM: potion effect (invisibility)
 11097 | D:8      | XOM: enchant monster (bad)
 11159 | D:8      | Found a white marble altar of Elyvilon.
 11195 | D:8      | Found a burning altar of Makhleb.
 11373 | D:8      | Noticed a gargoyle
 11382 | D:8      | XOM: confusion (+ monsters)
 11386 | D:8      | XOM: enchant monster (bad)
 11394 | D:8      | XOM: smoke on damage
 11395 | D:8      | Killed from afar by a gargoyle

Illustrated notes

Levels and vault maps discovered:
D:1:      dpeg_arrival_prison, layout_basic, chequers_ecumenical_altar_grove,
          chequers_serial_rivers_micro_c
D:2:      layout_basic
D:3:      kennysheep_slugbush, layout_loops_ring,
          grunt_temple_overflow_holy_war, minmay_circle_x, uniq_terence,
          uniq_crazy_yiuf_cottage, uniq_natasha, uniq_ijyb, uniq_sigmund,
          uniq_robin
D:4:      layout_rooms, mainiacjoe_overflow_concentric_impassable
D:5:      layout_basic, okawaru_gym_becter, zin_treasury, temple_fountains,
          portal_sewer_entry_b
D:6:      layout_basic, minmay_quadrilaterals, uniq_duvessa, uniq_grinder
D:7:      layout_cave_pools, xom_confusion_cloud, st_stairs_2,
          kennysheep_pointless_box, minmay_misc_feat_tiny, minmay_nine_imps
D:8:      layout_rooms, elyvilon_altar_5, makhleb_grotto_becter,
          mainiacjoe_overflow_brackets, serial_shops, shop
Temple:   jpeg_temple_clearing

Skill      XL: |  1  2  3  4  5  6  7  8  9 10 |
---------------+-------------------------------+-----
Polearms       | 5 6 7 8 9 10 11 13 | 13.6
Fighting       | 4 5 6 7 8 |  8.1
Dodging        | 3 4 5 7 |  7.9
Armour         | 1 2 3 4 |  4.3
Bows           | 2 |  2.0

Action                   |  1- 3 |  4- 6 |  7- 9 | 10-12 || total
-------------------------+-------+-------+-------+-------++-------
Melee: Spear             |   131 |   138 |       |       ||   269
       Club              |       |    75 |    81 |       ||   156
       Tailslap          |       |     2 |       |       ||     2
       Halberd           |       |       |   267 |    33 ||   300
       Trident           |       |       |    80 |    83 ||   163
  Use: Scroll            |       |     5 |     3 |     1 ||     9
       Potion            |       |     1 |     1 |       ||     2
 Stab: Sleeping          |     3 |       |       |       ||     3
       Paralysed         |     1 |       |     4 |       ||     5
Armor: Leather armour    |    26 |    21 |       |       ||    47
       Ring mail         |       |     7 |       |       ||     7
       Scale mail        |       |    17 |   201 |    26 ||   244
Dodge: Dodged            |    37 |    81 |   195 |    35 ||   348
